[Event "9th Holuj-Radzikowska Rapid 19"]
[Site "Wroclaw"]
[Date "2019.12.07"]
[Round "6"]
[White "Antolak, Julia"]
[Black "Arabidze, Meri"]
[Result "1-0"]
[ECO "B85"]
[WhiteElo "2249"]
[BlackElo "2435"]
[Annotator "NA"]
[PlyCount "154"]
[EventDate "2019.12.06"]
[EventType "team-tourn"]
[EventCountry "POL"]
[SourceTitle "playchess.com"]
[Source "ChessBase"]
[SourceQuality "1"]
[WhiteTeam "Team Poland"]
[BlackTeam "Team World"]
[TimeControl "900+10"]

1. e4 c5 2. Nf3 e6 3. d4 cxd4 4. Nxd4 Nc6 5. Nc3 Qc7 6. Be2 a6 7. O-O Nf6 8. Be3 Be7 9. f4 d6 10. Qe1 O-O 11. Kh1 Nxd4 12. Bxd4 b5 13. a3 Bb7 14. Qg3 g6 15. Bd3 e5 16. fxe5 Nh5 17. Qf2 dxe5 18. Be3 Nf4 19. Bxf4 exf4 20. Qxf4 Bd6 21. Qh4 Be5 22. Rae1 Qd8 23. Qh6 Rc8 24. Re3 Bg7 25. Qf4 Qd4 26. Rh3 Rc5 27. Qh4 Rh5 28. Qg3 Be5 29. Qf3 Rxh3 30. Qxh3 Bc8 31. Qf3 Be6 32. Rd1 Qc5 33. Be2 Bxc3 34. Qxc3 Qxc3 35. bxc3 Rc8 36. a4 bxa4 37. Bxa6 Rxc3 38. Bd3 a3 39. Ra1 Kg7 40. Kg1 Kf6 41. Kf2 Ke5 42. Ke3 a2 43. Rd1 Ra3 44. Ra1 h6 45. g3 h5 46. h4 Rc3 47. Rd1 Bg4 48. Ra1 Ra3 49. c3 Be6 50. Kd2 Ra4 51. Kc2 Ra3 52. Kd2 Ra7 53. Kc2 Ra3 54. Kd2 Bb3 55. Kc1 Be6 56. Kd2 f6 57. Kc2 g5 58. hxg5 fxg5 59. Kb2 Rb3+ 60. Kc2 Ra3 61. Kb2 Ra7 62. Rh1 Bf7 63. Ka1 Ra3 64. Kb2 Rb3+ 65. Kc2 Rb8 66. Ra1 Ra8 67. Kb2 Rb8+ 68. Kc2 h4 69. gxh4 gxh4 70. c4 Ra8 71. Bf1 Bg6 72. Kb2 Bxe4 73. Rxa2 Rb8+ 74. Kc3 Rb1 75. Bd3 Bxd3 76. Kxd3 Rh1 77. Ke3 Rh3+ {[%emt 0:00:13] Ke4+ Kd5+} 1-0